 Dungeon Crawl Stone Soup version 0.29-a0-834-g1e95ca9f62 (webtiles) character file.

Game seed: 8000731797776571336

126 LynnLen the Sneak (level 4, -4/26 HPs)
             Began as a Vampire Enchanter on July 13, 2022.
             Killed by divine providence
             ... invoked by an orc priest
              (16 damage)
             ... on level 4 of the Dungeon.
             The game lasted 00:07:54 (3050 turns).

LynnLen the Sneak (Vampire Enchanter)               Turns: 3050, Time: 00:08:01

Health: -4/26      AC:  4    Str:  7    XL:     4   Next: 83%
Magic:  5/5        EV: 12    Int: 23    God:
Gold:   176        SH:  0    Dex: 16    Spells: 1/7 levels left

rFire   . . .      SeeInvis +   c - +5 dagger (antimagic)
rCold   + + .      Faith    .   (no shield)
rNeg    + + +      Spirit   .   d - +1 leather armour
rPois   ∞          Reflect  .   (no helmet)
rElec   .          Harm     .   (no cloak)
rCorr   .          Rampage  .   (no gloves)
Will    .....                   (no boots)
Stlth   +++++.....              (no amulet)
HPRegen 0.00/turn               e - ring of magical power
MPRegen 0.09/turn               h - +6 ring of intelligence

@: bloodless, inhibited regen
A: bloodless, fangs 3, see invisible, vampiric 2
a: Bat Form, Revivify


You were on level 4 of the Dungeon.
You visited 1 branch of the dungeon, and saw 4 of its levels.

You collected 176 gold pieces.

Inventory:

Hand Weapons
 c - a +5 antimagic dagger (weapon)
Missiles
 a - 2 poisoned darts (quivered)
 f - 3 stones
Armour
 b - a +1 robe
 d - a +1 leather armour (worn)
Jewellery
 e - a ring of magical power (left hand)
 h - a +6 ring of intelligence (right hand)
Potions
 g - a potion of lignification {unknown}
 i - 2 potions of berserk rage
 l - 2 potions of curing
 m - a potion of attraction {unknown}


   Skills:
 * Level 1.6 Fighting
 * Level 2.5 Short Blades
 + Level 2.7 Dodging
 + Level 6.7 Stealth
 - Level 2.0 Spellcasting
 - Level 4.4 Hexes


You had one spell level left.
You knew the following spells:

 Your Spells              Type           Power      Damage    Failure   Level
a - Confusing Touch       Hex            22%        N/A       10%         3
b - Tukima's Dance        Hex            22%        N/A       10%         3

Your spell library contained the following spells:

 Spells                   Type           Power      Damage    Failure   Level
 Magic Dart               Conj           8%         1d3       19%         1
 Ensorcelled Hibernation  Hex/Ice        24%        N/A       12%         2
 Dazzling Flash           Conj/Hex       24%        N/A       24%         3
 Call Imp                 Summ           2%         N/A       28%         2
 Mephitic Cloud           Conj/Pois/Air  2%         N/A       50%         3
 Ozocubu's Armour         Ice            2%         N/A       50%         3
 Hailstorm                Conj/Ice       2%         3d3       88%         4
 Ice Form                 Ice/Tmut       2%         N/A       88%         4
 Metabolic Englaciation   Hex/Ice        6%         N/A       91%         5
 Fireball                 Conj/Fire      1%         3d3       99%         5
 Simulacrum               Ice/Necr       1%         N/A       100%        6
 Starburst                Conj/Fire      1%         6d3       100%        6
 Ignition                 Fire           1%         3d3       100%        8


Dungeon Overview and Level Annotations

Branches:
Dungeon (4/15)
 Temple: D:4-7

Altars:
Ashenzari


Innate Abilities, Weirdness & Mutations

You do not regenerate when monsters are visible.
You are frail without blood (-20% HP).
You can heal yourself when you bite living creatures.
You are immune to poison.
You have razor-sharp teeth.
You have supernaturally acute eyesight. (SInv)
You are afflicted with vampirism and can become a bat while bloodless.


Message History

There is a stone staircase leading down here.
You climb downwards.
There is a stone staircase leading up here.
Casting: Tukima's Dance (quite dangerous; 10% risk of failure)
Confirm with . or Enter, or press ? or * to list all spells.
The spell is quite dangerous to miscast (10% risk of failure)!
Continue anyway?
Aiming: Tukima's Dance (quite dangerous; 10% risk of failure)
Press: ? - help, Shift-Dir - straight line, f - orc priest
Aim: an orc priest, wielding a +0 whip and wearing a +0 leather armour (chance to affect: 54%)
The +0 whip dances into the air!
The orc priest begins to cast a cantrip, but forgets the words!
Casting: Tukima's Dance (quite dangerous; 10% risk of failure)
Confirm with . or Enter, or press ? or * to list all spells.
You don't have enough magic to cast this spell.
Casting: Tukima's Dance (quite dangerous; 10% risk of failure)
Confirm with . or Enter, or press ? or * to list all spells.
You don't have enough magic to cast this spell.
Unknown command.
There is a stone staircase leading up here.
You climb upwards.
There is a stone staircase leading down here.
You start resting.
Magic restored.
You climb downwards.
Your +0 whip completely misses something.
Something hits your +0 whip.
There is a stone staircase leading up here.
Your +0 whip hits the orc priest.
The orc priest invokes the aid of Beogh against you.
Beogh smites you!
Ouch! That really hurt!
Your +0 whip hits the orc priest but does no damage.
The orc priest misses you.
You hit the orc priest but do no damage.
The orc priest is lightly wounded.
Your +0 whip hits the orc priest.
The orc priest invokes the aid of Beogh against you.
Beogh smites you!
Ouch! That really hurt!
You die...

...... ..... ###.... #....#
### .. ####....##### ##.# ....
#...#.###...# #..## #..
#.......#...# ##...# #.#
###.#...#...# #....# ##
#..##....#o@#<.## #....# ..###
#..#....#(....# #....#
....###...#o###.[..## #...##
......#.......#...########...#
......###.#...#..............#
......#....####........###...#
......#....# ########## ###.##
.(..##...### ##.# o...##.....#
###


You could see an orc priest (ally target) and a friendly +0 whip.

Vanquished Creatures
  Terence (D:3)
  2 adders
  3 gnolls (D:3)
  2 worms
  2 dart slugs
  An orc (D:4)
  A bat (D:2)
  4 endoplasms
  2 giant cockroaches (D:1)
  3 goblins
  2 hobgoblins (D:1)
  3 jackals (D:2)
  4 kobolds
  A quokka (D:1)
  6 ball pythons
  6 rats
43 creatures vanquished.

Notes
Turn   | Place    | Note
-------+----------+-------------------------------------------
     0 | D:1      | LynnLen the Vampire Enchanter began the quest for the Orb.
     0 | D:1      | Reached XP level 1. HP: 13/13 MP: 3/3
   245 | D:1      | Found a faded altar of an unknown god.
   284 | D:1      | Reached XP level 2. HP: 16/16 MP: 5/5
   647 | D:1      | Reached skill level 5 in Stealth
  1177 | D:2      | Reached skill level 1 in Fighting
  1568 | D:2      | Identified the +1 ring mail "Guturph" {rC+ Str+7}
  1709 | D:2      | Gained mutation: You are afflicted with vampirism and can
                  | become a bat while bloodless. [Vampire growth]
  1709 | D:2      | Reached XP level 3. HP: 12/20 MP: 5/6
  2133 | D:3      | Noticed Terence
  2138 | D:3      | Learned a level 3 spell: Confusing Touch
  2142 | D:3      | Learned a level 3 spell: Tukima's Dance
  2160 | D:3      | Killed Terence
  2161 | D:3      | Reached skill level 6 in Stealth
  2161 | D:3      | Reached XP level 4. HP: 14/25 MP: 3/7
  2358 | D:3      | Found a broken altar of Ashenzari.
  3050 | D:4      | Killed from afar by an orc priest

Illustrated notes

Levels and vault maps discovered:
D:1:      saegor_arrival_simple_e, layout_loops_corners,
          nicolae_ecumenical_lake_church, minmay_pentomino_z2
D:2:      layout_rooms
D:3:      layout_loops_ring, mainiacjoe_overflow_catwalk, uniq_terence
D:4:      layout_cave_pods, tso_metal_star, hangedman_decor_push

Skill      XL: |  1  2  3 |
---------------+----------+-----
Stealth        | 5 6 |  6.7
Fighting       | 1 |  1.6
Short Blades   | 2 |  2.5
Dodging        | |  2.7
Spellcasting   | |  2.0
Hexes          | |  4.4

Action                   |  1- 3 |  4- 6 || total
-------------------------+-------+-------++-------
Melee: Dagger            |    81 |    16 ||    97
       Bite              |     8 |     1 ||     9
Throw: Dart              |     2 |       ||     2
 Cast: Tukima's Dance    |     1 |     1 ||     2
 Abil: Exsanguinate      |     1 |       ||     1
  Use: Potion            |     4 |       ||     4
       Scroll            |    11 |       ||    11
 Stab: Sleeping          |    18 |     5 ||    23
Armor: Robe              |    12 |       ||    12
       Leather armour    |     2 |     4 ||     6
Dodge: Dodged            |    27 |    23 ||    50

Table legend: (Time is in decaauts)
 A = Elapsed time spent in this place.
 B = Non-inter-level travel time spent in this place.
 C = Inter-level travel time spent in this place.
 D = Time resting spent in this place.
 E = Time spent auto-exploring this place.
 F = Levels seen in this place.
 G = Mean time per level.
                   A        B        C        D        E       F      G
               +--------+--------+--------+--------+--------+-----+--------+
         Total |   3024 |   3022 |      2 |    186 |   2062 |   4 |  756.0 |
       Dungeon |   3024 |   3022 |      2 |    186 |   2062 |   4 |  756.0 |
               +--------+--------+--------+--------+--------+-----+--------+

Top non-repeatable levels by time:
     D:1: 1159 daAuts
     D:2: 883 daAuts
     D:3: 867 daAuts
     D:4: 115 daAuts
